[Event "Titled Tuesday Blitz February 21 Early 2023"]
[White "Lehtosaari, Mauri"]
[Black "Rosenberg, Evan S"]
[WhiteFideId "501999"]
[BlackFideId "2019299"]
[WhiteElo "2176"]
[BlackElo "1956"]
[Result "1-0"]
[Round "07"]
[TimeControl "180+2"]
[Date "2023.02.21"]
[WhiteClock "0:00:17"]
[BlackClock "0:00:10"]

1. Nf3 d5 2. c4 d4 3. e3 Nc6 4. exd4 Nxd4 5. d3 Bg4 6. Be2 Nxe2 7. Qxe2 Nf6 8. Bg5 c6 9. Nc3 h6 10. Bxf6 gxf6 11. h3 Bf5 12. Rd1 e6 13. a3 Bc5 14. Ne4 Bd4 15. Nxd4 Qxd4 16. O-O Rg8 17. Kh1 O-O-O 18. b4 Rg6 19. c5 Bxe4 20. dxe4 Qc3 21. Rxd8+ Kxd8 22. Rd1+ Kc8 23. Rd3 Qc1+ 24. Kh2 Qf4+ 25. g3 Qc7 26. Qf3 Qe5 27. Kg2 h5 28. h4 Rg4 29. Re3 b6 30. cxb6 axb6 31. Qe2 b5 32. a4 Kb7 33. axb5 Qxb5 34. Qd2 Qe5 35. Qd7+ Qc7 36. Qd3 Rg8 37. Re2 Rd8 38. Qc4 Qb6 39. Ra2 Rd4 40. Qc3 Rxb4 41. Qxf6 Qc7 42. Qc3 Rb5 43. Qe3 Qb6 44. Qd3 Qc7 45. Qd4 c5 46. Qc4 Qc6 47. Qa4 Kc7 48. Qa7+ Rb7 49. Qa5+ Kd7 50. Rd2+ Qd6 51. Rxd6+ Kxd6 52. Qa6+ Kc7 53. Qc4 Kc6 54. Qc3 Rb4 55. Qf6 Rxe4 56. Qxf7 Kd5 57. Qxh5+ Re5 58. Qe8 c4 59. Qd7+ Kc5 60. Qc7+ Kd5 61. Kf3 Re1 62. Qd7+ Kc5 63. h5 c3 64. Qc7+ Kb4 65. h6 Kb3 66. h7 c2 67. h8=Q c1=Q 68. Qxc1 Rxc1 69. Qe5 Rc3+ 70. Ke2 Rc6 71. g4 Kc4 72. g5 Rc5 73. Qxe6+ Kd4 74. Qe3+ Kd5 75. Qxc5+ Kxc5 76. f4 Kd6 77. Kf3 Ke6 78. Kg4 Kf7 79. f5 Kg7 80. Kf4 Kf7 81. Ke5 Ke7 82. f6+ Kf7 83. Kf5 Kf8 84. Ke6 Kg8 85. f7+ Kf8 86. g6 Kg7 87. Ke7 Kxg6 88. f8=Q Kh7 89. Qf3 Kg7 90. Qg4+ Kh7 91. Kf7 Kh6 92. Qh4# 1-0


[Site "https://www.chess.com"]

[Event "Titled Tuesday Blitz February 21 Early 2023"]
[White "Petrovic, Aleksa"]
[Black "Ziatdinov, Raset"]
[WhiteFideId "967629"]
[BlackFideId "2015323"]
[WhiteElo "2332"]
[BlackElo "2101"]
[Result "0-1"]
[Round "07"]
[TimeControl "180+2"]
[Date "2023.02.21"]
[WhiteClock "0:00:01"]
[BlackClock "0:00:51"]

1. d4 Nf6 2. c4 g6 3. f3 d5 4. cxd5 Nxd5 5. e4 Nb6 6. Nc3 Bg7 7. Be3 Nc6 8. d5 Ne5 9. Bb5+ c6 10. dxc6 Qxd1+ 11. Rxd1 bxc6 12. Be2 Be6 13. Bd4 Rd8 14. h3 Nd3+ 15. Bxd3 Bxd4 16. Nge2 Bg7 17. Kf2 O-O 18. b3 f5 19. exf5 Bxf5 20. Bxf5 gxf5 21. g4 e6 22. Na4 Nxa4 23. bxa4 Bf6 24. Kg2 Kf7 25. f4 Rg8 26. Kf3 Bh4 27. Nd4 Rd6 28. gxf5 Rg3+ 29. Ke4 exf5+ 30. Nxf5 Re6+ 31. Kd4 Bf6+ 32. Kc4 Rc3+ 33. Kb4 Re4+ 34. Ka5 Rc5+ 35. Ka6 Rxf5 36. Rd7+ Re7 37. Rxa7 Rxa7+ 38. Kxa7 Ra5+ 39. Kb6 Rxa4 40. Kxc6 Rxa2 41. Kd5 Re2 42. Rf1 h5 43. Rf3 h4 44. Rf1 Re3 45. Kd6 Rxh3 46. f5 Rd3+ 47. Kc5 h3 48. Kc4 Rg3 49. Ra1 h2 50. Ra7+ Be7 51. Ra1 Rg1 0-1


[Site "https://www.chess.com"]

[Event "Titled Tuesday Blitz February 21 Early 2023"]
[White "Sai Han Thiha"]
[Black "Lerch, Philipp"]
[WhiteFideId "13012290"]
[BlackFideId "4654129"]
[WhiteElo "2070"]
[BlackElo "2305"]
[Result "0-1"]
[Round "07"]
[TimeControl "180+2"]
[Date "2023.02.21"]
[WhiteClock "0:00:04"]
[BlackClock "0:00:06"]

1. d4 f5 2. Nf3 Nf6 3. Bf4 d5 4. e3 c6 5. c4 e6 6. Nc3 Be7 7. Bd3 O-O 8. O-O Ne4 9. h3 Nd7 10. Rc1 Ndf6 11. Ne2 Bd7 12. Bh2 Be8 13. Nf4 Bf7 14. Be2 g5 15. Nd3 h5 16. Nfe5 g4 17. f3 g3 18. fxe4 gxh2+ 19. Kxh2 dxe4 20. Nf4 Bd6 21. Qe1 Bxe5 22. dxe5 Nd7 23. Rd1 Qe7 24. Qg3+ Kh7 25. Bxh5 Rg8 26. Qf2 Bxh5 27. Nxh5 Nxe5 28. Qf4 Ng6 0-1


[Site "https://www.chess.com"]

[Event "Titled Tuesday Blitz February 21 Early 2023"]
[White "Papayan, Oleg"]
[Black "Ilinca Ilinca, Felix Antonio"]
[WhiteFideId "4193911"]
[BlackFideId "54764998"]
[WhiteElo "2253"]
[BlackElo "2266"]
[Result "0-1"]
[Round "07"]
[TimeControl "180+2"]
[Date "2023.02.21"]
[WhiteClock "0:00:02"]
[BlackClock "0:00:22"]

1. e4 c5 2. Nf3 e6 3. b3 Nc6 4. Bb2 d5 5. Bb5 Nf6 6. Ne5 Qc7 7. exd5 exd5 8. Qe2 Be6 9. f4 Bd6 10. f5 O-O 11. Bxc6 Bxf5 12. Ba4 d4 13. O-O Bxe5 14. Rxf5 Bxh2+ 15. Kf1 Rae8 16. Bxe8 Rxe8 17. Qf3 Ne4 18. g4 Ng3+ 19. Kg2 Nxf5 20. gxf5 Re2+ 21. Kf1 Re5 22. Na3 Qd7 23. Kg2 Rxf5 24. Qe4 Rf4 25. Qe2 Qc6+ 26. Kxh2 Qh6+ 27. Kg2 Qg5+ 28. Kh1 Rh4+ 29. Qh2 Rxh2+ 30. Kxh2 Qxd2+ 31. Kh3 Qe3+ 32. Kg2 Qe2+ 33. Kg3 f5 34. Nc4 g5 35. Rg1 h5 36. Bc1 h4+ 37. Kh3 g4+ 38. Kxh4 Qh2+ 39. Kg5 Qxg1 40. Kxf5 g3 41. Be3 dxe3 0-1


[Site "https://www.chess.com"]

[Event "Titled Tuesday Blitz February 21 Early 2023"]
[White "Yeritsyan, Hayk"]
[Black "Petrova, Irina"]
[WhiteFideId "13307320"]
[BlackFideId "14124122"]
[WhiteElo "2241"]
[BlackElo "2108"]
[Result "1-0"]
[Round "07"]
[TimeControl "180+2"]
[Date "2023.02.21"]
[WhiteClock "0:01:12"]
[BlackClock "0:00:12"]

1. d4 d6 2. Nf3 g6 3. Bf4 Bg7 4. h3 Nd7 5. e3 e5 6. Bh2 Ne7 7. c3 O-O 8. Be2 Nf5 9. O-O e4 10. Nfd2 Re8 11. c4 Nf6 12. Nc3 h5 13. Qc2 Qe7 14. Rac1 Nh4 15. Bg3 Nf5 16. Bf4 Nh6 17. Nd5 Nxd5 18. cxd5 g5 19. Bh2 g4 20. hxg4 Bxg4 21. Bxg4 Nxg4 22. Qxc7 Qh4 23. Qxd6 Rad8 24. Qg3 Qg5 25. Qf4 Qh4 26. Bg3 Qe7 27. Rc7 Rd7 28. d6 Qd8 29. Nxe4 Bh6 30. Rxd7 Qxd7 31. Qxg4+ Qxg4 32. Nf6+ Kf8 33. Nxg4 hxg4 34. Rc1 Rd8 35. Rc7 Rb8 36. d7 Rd8 37. Rc8 Ke7 38. Bh4+ f6 39. Bxf6+ 1-0


[Site "https://www.chess.com"]

[Event "Titled Tuesday Blitz February 21 Early 2023"]
[White "Cunha, Lucas Aguiar"]
[Black "Todev, Simeon"]
[WhiteFideId "2125404"]
[BlackFideId "2925133"]
[WhiteElo "2309"]
[BlackElo "2033"]
[Result "1-0"]
[Round "07"]
[TimeControl "180+2"]
[Date "2023.02.21"]
[WhiteClock "0:02:23"]
[BlackClock "0:01:00"]

1. e4 c5 2. Nf3 Nc6 3. Nc3 e5 4. Bc4 Nf6 5. d3 d6 6. Nd2 Be7 7. Nf1 O-O 8. Ne3 a6 9. a4 Be6 10. b3 Na5 11. O-O Nxc4 12. bxc4 Qc7 13. Rb1 Rab8 14. f3 Qc6 15. g3 Bd8 16. Bd2 Ba5 17. Ncd5 Bxd5 18. cxd5 Qc7 19. Bxa5 Qxa5 20. Nc4 Qxa4 21. Rb6 Ne8 1-0


[Site "https://www.chess.com"]

[Event "Titled Tuesday Blitz February 21 Early 2023"]
[White "Chakravarthi Reddy, M"]
[Black "Matveeva, Olga"]
[WhiteFideId "25009532"]
[BlackFideId "24107018"]
[WhiteElo "2279"]
[BlackElo "2128"]
[Result "1-0"]
[Round "07"]
[TimeControl "180+2"]
[Date "2023.02.21"]
[WhiteClock "0:01:02"]
[BlackClock "0:00:16"]

1. d4 d5 2. Nf3 Nf6 3. c4 e6 4. Nc3 a6 5. cxd5 exd5 6. Bf4 c6 7. e3 Bd6 8. Bg3 O-O 9. Bd3 Re8 10. O-O Bg4 11. Be2 Bxg3 12. hxg3 Nbd7 13. Nd2 Bxe2 14. Qxe2 Qb6 15. Rab1 a5 16. g4 Ne4 17. Ndxe4 dxe4 18. g5 c5 19. Rfd1 cxd4 20. Rxd4 Nc5 21. Rbd1 Rad8 22. Nd5 Rxd5 23. Rxd5 Nd3 24. b3 Rc8 25. f3 Nb4 26. Rd7 exf3 27. Qxf3 Qe6 28. Rd8+ 1-0


[Site "https://www.chess.com"]

[Event "Titled Tuesday Blitz February 21 Early 2023"]
[White "Fajdetic, Hrvoje"]
[Black "Aarav Dengla"]
[WhiteFideId "14501945"]
[BlackFideId "45059756"]
[WhiteElo "2151"]
[BlackElo "2343"]
[Result "0-1"]
[Round "07"]
[TimeControl "180+2"]
[Date "2023.02.21"]
[WhiteClock "0:00:15"]
[BlackClock "0:00:11"]

1. f4 d5 2. Nf3 g6 3. e3 Bg7 4. d4 e6 5. Bd3 c5 6. c3 b6 7. Qe2 Ne7 8. O-O O-O 9. b3 Bb7 10. a4 Nbc6 11. Ba3 Na5 12. Nbd2 Rc8 13. Rac1 Qd7 14. Ne5 Qd8 15. b4 cxb4 16. cxb4 Nac6 17. Ba6 Bxa6 18. Qxa6 Nxe5 19. fxe5 Bh6 20. Qd3 Nf5 21. Rxc8 Qxc8 22. Rc1 Qd7 23. Nf1 Qxa4 24. g4 Nh4 25. Kf2 f5 26. exf6 Rxf6+ 27. Kg3 Rf3+ 28. Kxh4 g5+ 29. Kh5 Rh3# 0-1


[Site "https://www.chess.com"]

[Event "Titled Tuesday Blitz February 21 Early 2023"]
[White "Mazurkiewicz, Michal"]
[Black "Orujov, Elshad"]
[WhiteFideId "1124943"]
[BlackFideId "13403540"]
[WhiteElo "2145"]
[BlackElo "2304"]
[Result "1-0"]
[Round "07"]
[TimeControl "180+2"]
[Date "2023.02.21"]
[WhiteClock "0:02:21"]
[BlackClock "0:00:54"]

1. e4 e5 2. Nf3 Nf6 3. d3 Nc6 4. g3 d5 5. exd5 Nxd5 6. Bg2 Be6 7. O-O f6 8. Re1 Qd7 9. d4 exd4 10. Nxd4 Nxd4 11. Qxd4 c5 12. Rxe6+ Qxe6 13. Qxd5 Qe1+ 14. Bf1 Qxc1 15. Kg2 Qxb2 16. Nc3 Be7 17. Bb5+ Kf8 18. Bc4 Ke8 19. Rd1 1-0


[Site "https://www.chess.com"]

[Event "Titled Tuesday Blitz February 21 Early 2023"]
[White "Goltseva, Ekaterina"]
[Black "Guzman Moneo, Alberto"]
[WhiteFideId "24173770"]
[BlackFideId "2209616"]
[WhiteElo "2283"]
[BlackElo "2170"]
[Result "0-1"]
[Round "07"]
[TimeControl "180+2"]
[Date "2023.02.21"]
[WhiteClock "0:00:02"]
[BlackClock "0:01:00"]

1. Nf3 g6 2. c4 Bg7 3. Nc3 c5 4. h4 h6 5. e3 d6 6. d4 cxd4 7. exd4 Nc6 8. Be2 Bg4 9. Be3 Nf6 10. Qd2 Rc8 11. Rd1 a6 12. c5 d5 13. Ne5 Bxe2 14. Qxe2 O-O 15. f4 Ne4 16. Nxe4 dxe4 17. h5 Nxe5 18. dxe5 Qa5+ 19. Kf2 Qxa2 20. Kg3 Qe6 21. Kh2 Rfd8 22. g4 gxh5 23. gxh5 Rd3 24. Rxd3 exd3 25. Qxd3 Qg4 26. Rg1 Qxh5+ 27. Kg2 Kh8 28. Kf2 Rg8 29. Bd4 e6 30. Qg3 Qf5 31. Ke3 a5 32. Rg2 a4 33. Bc3 Qb1 34. Ba5 Qc1+ 35. Kf3 Qxc5 36. Bd8 Qd5+ 37. Ke3 Qxd8 0-1


[Site "https://www.chess.com"]

[Event "Titled Tuesday Blitz February 21 Early 2023"]
[White "Mendez Machado, Andre"]
[Black "I_KID_you_not"]
[WhiteFideId "6603793"]
[WhiteElo "1974"]
[BlackElo "2364"]
[Result "0-1"]
[Round "07"]
[TimeControl "180+2"]
[Date "2023.02.21"]
[WhiteClock "0:00:04"]
[BlackClock "0:01:02"]

1. e4 c5 2. Nc3 Nc6 3. Bb5 Nd4 4. Nf3 a6 5. Bd3 Nc6 6. O-O d6 7. Bc4 g6 8. d4 cxd4 9. Nxd4 Bg7 10. Nxc6 bxc6 11. Bf4 Nf6 12. e5 Nh5 13. Bg3 Nxg3 14. fxg3 O-O 15. exd6 exd6 16. Qf3 d5 17. Bb3 a5 18. Rad1 Bxc3 19. Qxc3 a4 20. Qxc6 Bg4 21. Rxd5 Qe7 22. Bxa4 Rfc8 23. Qb5 Be2 24. Qd7 Qe3+ 25. Kh1 Bxf1 26. Rd1 Bxg2+ 27. Kxg2 Qe4+ 28. Kh3 Qxa4 29. Qxa4 Rxa4 30. a3 Rxc2 31. Rd8+ Kg7 32. Rb8 Rd4 33. b4 Ra2 34. Ra8 Rxb4 0-1


[Site "https://www.chess.com"]

[Event "Titled Tuesday Blitz February 21 Early 2023"]
[White "Zaichenko, Daria"]
[Black "Weetik, Vjacheslav"]
[WhiteFideId "4197453"]
[BlackFideId "4153472"]
[WhiteElo "2104"]
[BlackElo "2423"]
[Result "0-1"]
[Round "07"]
[TimeControl "180+2"]
[Date "2023.02.21"]
[WhiteClock "0:00:02"]
[BlackClock "0:00:02"]

1. e4 c6 2. d4 d5 3. Nc3 dxe4 4. Nxe4 Bf5 5. Ng3 Bg6 6. h4 h6 7. h5 Bh7 8. Nf3 e6 9. Bd3 Bxd3 10. Qxd3 Nf6 11. Bd2 c5 12. c3 Nc6 13. O-O-O cxd4 14. Nxd4 Nxd4 15. cxd4 Qd5 16. Kb1 Bd6 17. Ne2 Qxg2 18. Nc3 Qc6 19. Rhg1 Rg8 20. Rc1 Qd7 21. Nb5 a6 22. Nxd6+ Qxd6 23. a3 Rd8 24. Be3 Nxh5 25. Ka1 Nf6 26. Qb3 Qd5 27. Qa4+ Qb5 28. Qc2 g5 29. Qc7 Nd5 30. Qh2 Rg6 31. Rc5 Qb3 32. Qe5 Ne7 33. Rgc1 Qb6 34. Rc7 Qd6 35. Qh8+ Rg8 36. Qxh6 Nd5 37. Rxb7 Rf8 38. Qxg5 Rb8 0-1


[Site "https://www.chess.com"]

[Event "Titled Tuesday Blitz February 21 Early 2023"]
[White "Gerbelli Neto, Eduardo"]
[Black "Florescu, Codrut-Constantin"]
[WhiteFideId "2103281"]
[BlackFideId "1202200"]
[WhiteElo "2114"]
[BlackElo "2259"]
[Result "1-0"]
[Round "07"]
[TimeControl "180+2"]
[Date "2023.02.21"]
[WhiteClock "0:00:24"]
[BlackClock "0:00:25"]

1. e4 c5 2. Nc3 e6 3. f4 a6 4. g3 b5 5. Bg2 Bb7 6. d3 Nf6 7. Nf3 d5 8. e5 Nfd7 9. Qe2 Nc6 10. O-O h5 11. f5 Qc7 12. fxe6 fxe6 13. Bf4 O-O-O 14. Ng5 Nd4 15. Qd2 Be7 16. Nf7 h4 17. Nxd8 Qxd8 18. Ne2 Nxe2+ 19. Qxe2 g5 20. Bd2 hxg3 21. hxg3 Qc7 22. Rae1 Rh7 23. Qg4 d4 24. Bxb7+ Qxb7 25. Re4 Qc6 26. c3 dxc3 27. bxc3 Kb7 28. Qf3 g4 29. Qxg4 Nxe5 30. Qg8 Rh3 31. Bf4 Nd7 32. Qxe6 Qxe6 33. Rxe6 Bf6 34. Rd6 Kc8 35. Kg2 Rh7 36. d4 b4 37. cxb4 cxd4 38. Rc1+ Kb7 39. Rcc6 d3 40. Rxf6 Nxf6 41. Rxf6 1-0


[Site "https://www.chess.com"]

[Event "Titled Tuesday Blitz February 21 Early 2023"]
[White "Yurovskykh, Oleksandr"]
[Black "Lucassen, Mickey"]
[WhiteFideId "14134020"]
[BlackFideId "12919110"]
[WhiteElo "2328"]
[BlackElo "2023"]
[Result "1-0"]
[Round "07"]
[TimeControl "180+2"]
[Date "2023.02.21"]
[WhiteClock "0:00:29"]
[BlackClock "0:00:01"]

1. d4 Nf6 2. Nf3 g6 3. Nbd2 Bg7 4. e4 d6 5. Bb5+ c6 6. Bd3 O-O 7. O-O Nbd7 8. a4 e5 9. dxe5 dxe5 10. Nc4 Qc7 11. Qd2 Rd8 12. Qc3 Nh5 13. Re1 Nf4 14. Bf1 Ne6 15. Be3 f6 16. a5 Ndf8 17. b4 Bd7 18. Red1 Be8 19. Nfd2 f5 20. f3 f4 21. Bf2 Nd4 22. Nb3 Nfe6 23. Qb2 Kh8 24. c3 Nxb3 25. Qxb3 g5 26. Rxd8 Qxd8 27. Rd1 Qc7 28. Nd6 Qe7 29. Nf5 Qf6 30. Bc4 Bf7 31. Rd7 Re8 32. Bxa7 Rd8 33. Rxd8+ Qxd8 34. h3 Qd2 35. Bxe6 Qe1+ 36. Kh2 1-0


[Site "https://www.chess.com"]

[Event "Titled Tuesday Blitz February 21 Early 2023"]
[White "Uzcategui Rodriguez, Alejandro"]
[Black "Hirneise, Jens"]
[WhiteFideId "3903400"]
[BlackFideId "24614734"]
[WhiteElo "2255"]
[BlackElo "2277"]
[Result "0-1"]
[Round "07"]
[TimeControl "180+2"]
[Date "2023.02.21"]
[WhiteClock "0:02:04"]
[BlackClock "0:01:31"]

1. e4 e6 2. d4 d5 3. Nd2 Nf6 4. e5 Nfd7 5. Bd3 c5 6. c3 Nc6 7. Ne2 cxd4 8. cxd4 f6 9. exf6 Nxf6 10. Nf3 Bd6 11. O-O O-O 12. h3 Bd7 13. Be3 Be8 14. Re1 Bh5 15. Nc3 e5 16. dxe5 Nxe5 17. Be2 Bxf3 18. Bxf3 Nxf3+ 19. Qxf3 Ne4 20. Qh5 Nxc3 21. bxc3 Be7 22. Rad1 Bf6 23. Bd4 Kh8 24. Re2 Rc8 25. Bxf6 Qxf6 26. Rxd5 Rxc3 27. Red2 Rc1+ 28. Kh2 Qf4+ 29. g3 Qxf2+ 0-1


[Site "https://www.chess.com"]

[Event "Titled Tuesday Blitz February 21 Early 2023"]
[White "Melikhov, Evgeny V."]
[Black "Melian, Juan Sebastian"]
[WhiteFideId "4122046"]
[BlackFideId "3706575"]
[WhiteElo "2269"]
[BlackElo "2293"]
[Result "1/2-1/2"]
[Round "07"]
[TimeControl "180+2"]
[Date "2023.02.21"]
[WhiteClock "0:00:04"]
[BlackClock "0:00:02"]

1. d4 Nf6 2. c4 e6 3. Nc3 Bb4 4. Qc2 c5 5. dxc5 Qc7 6. a3 Bxc5 7. Nf3 a6 8. e3 O-O 9. b3 b6 10. Bb2 Bb7 11. Be2 Be7 12. g4 Nxg4 13. Rg1 Nf6 14. O-O-O d6 15. Rg3 g6 16. Rdg1 Nbd7 17. h4 Rfd8 18. h5 Nf8 19. hxg6 fxg6 20. Nh4 Kf7 21. Nxg6 hxg6 22. Rxg6 Ke8 23. Rg7 Rd7 24. Bd3 Kd8 25. Ne4 Nxe4 26. Bxe4 Kc8 27. Rg8 Kb8 28. Rh1 Ka7 29. Rhh8 d5 30. Bd3 Rc8 31. Kb1 Bd6 32. Ka2 Re7 33. Bd4 Bc5 34. Rxf8 Rxf8 35. Rxf8 Rd7 36. Rh8 Bxd4 37. exd4 dxc4 38. bxc4 Rxd4 39. Rh7 Rd7 40. Rxd7 Qxd7 41. c5 Bd5+ 42. Kb2 Qc6 43. cxb6+ Qxb6+ 44. Kc1 Qd4 45. Qd2 Qa1+ 46. Bb1 Qf6 47. Qe3+ Kb7 48. Be4 Qa1+ 49. Kd2 Qb2+ 50. Ke1 Qa1+ 51. Kd2 Kc6 52. Bxd5+ Kxd5 53. Qd3+ Kc5 54. Qc3+ Qxc3+ 55. Kxc3 Kd5 56. Kd3 Ke5 57. Ke3 Kd5 58. Kd3 a5 59. a4 Kc5 60. Kc3 Kd5 61. Kd3 Ke5 62. Ke3 Kf5 63. Kf3 Ke5 64. Ke3 Kd5 65. Kd3 1/2-1/2


[Site "https://www.chess.com"]

[Event "Titled Tuesday Blitz February 21 Early 2023"]
[White "Lorenzo De La Riva, Lazaro"]
[Black "Yurasova, Daria"]
[WhiteFideId "2268809"]
[BlackFideId "34146919"]
[WhiteElo "2404"]
[BlackElo "2095"]
[Result "1-0"]
[Round "07"]
[TimeControl "180+2"]
[Date "2023.02.21"]
[WhiteClock "0:01:05"]
[BlackClock "0:00:51"]

1. d4 d6 2. Nc3 Nf6 3. e4 Nbd7 4. f4 e5 5. Nf3 Be7 6. dxe5 dxe5 7. fxe5 Ng4 8. Bf4 h5 9. h3 Nh6 10. Bc4 Nc5 11. Qxd8+ Bxd8 12. O-O-O Ne6 13. Be3 c6 14. a4 Bc7 15. g4 Ng8 16. Rdf1 Ne7 17. Ne2 Ng6 18. Bd4 Bd7 19. Bxe6 Bxe6 20. Ng5 Nxe5 21. Nf4 Bc4 22. Rf2 O-O-O 23. b3 Rd6 24. Bxe5 1-0


[Site "https://www.chess.com"]

[Event "Titled Tuesday Blitz February 21 Early 2023"]
[White "Novikova, Galina"]
[Black "Arencibia Monduy, Antonio"]
[WhiteFideId "4157095"]
[BlackFideId "3507939"]
[WhiteElo "2073"]
[BlackElo "2122"]
[Result "0-1"]
[Round "07"]
[TimeControl "180+2"]
[Date "2023.02.21"]
[WhiteClock "0:02:18"]
[BlackClock "0:01:51"]

1. e4 c5 2. Nf3 d6 3. d4 cxd4 4. Nxd4 Nf6 5. Nc3 a6 6. h3 e5 7. Nde2 Be6 8. g4 h6 9. Bg2 Be7 10. Be3 Nbd7 11. Ng3 Rc8 12. O-O Qc7 13. Rc1 g6 14. Nd5 Bxd5 15. exd5 h5 16. g5 Nh7 17. h4 f5 18. gxf6 Bxf6 19. Qd3 Nhf8 20. f4 Qc4 21. Qd2 Bxh4 22. Ne4 Be7 23. f5 gxf5 24. Rxf5 Rg8 0-1


[Site "https://www.chess.com"]

[Event "Titled Tuesday Blitz February 21 Early 2023"]
[White "Tsyhanchuk, Stanislav"]
[Black "Bethke, Richard"]
[WhiteFideId "13505130"]
[BlackFideId "12959243"]
[WhiteElo "2273"]
[BlackElo "2382"]
[Result "0-1"]
[Round "07"]
[TimeControl "180+2"]
[Date "2023.02.21"]
[WhiteClock "0:00:23"]
[BlackClock "0:00:34"]

1. c4 Nf6 2. Nc3 e6 3. e3 d5 4. Nf3 b6 5. b3 Bb7 6. Bb2 c5 7. cxd5 Nxd5 8. Be2 Nxc3 9. Bxc3 Nc6 10. a3 f6 11. Bc4 e5 12. Nh4 Qd7 13. Qh5+ Kd8 14. Rd1 Kc7 15. Nf3 e4 16. Ng1 Bd6 17. Ne2 Ne5 18. d4 exd3 19. Bxe5 Bxe5 20. Rxd3 Qe7 21. O-O Be4 22. Rdd1 Rhd8 23. f3 Bc2 24. Rxd8 Rxd8 25. e4 Rd2 26. Qxh7 Bxb3 27. Bxb3 Rxe2 28. Qg8 Bd4+ 29. Kh1 Qd7 30. Qa8 Rb2 31. Qxa7+ Kc6 32. Ba4+ b5 33. Qa6+ Kc7 34. Qa5+ Kd6 35. Bd1 c4 36. f4 c3 37. e5+ fxe5 38. fxe5+ Bxe5 39. Bf3 Ke7 40. Bh5 Qf5 41. Qa7+ Ke6 42. Bf7+ Kd6 43. Rxf5 Rb1+ 44. Qg1 Rxg1+ 45. Kxg1 Bd4+ 46. Kh1 c2 47. Rf1 Bb2 48. h4 Bxa3 49. h5 c1=Q 50. Rxc1 Bxc1 51. Kg1 Ke5 52. Kf2 Kd4 53. Kf3 Kc3 54. Ke4 b4 55. Kf5 b3 56. g4 b2 57. Ba2 Be3 58. Bb1 Kc4 59. Kg6 Bd4 60. g5 Kd5 61. Kh7 Ke6 62. Kg6 Ke7 63. Bc2 Kf8 64. Bb1 Kg8 65. Bc2 Kh8 66. Bb1 Be3 67. Ba2 Bc1 68. Kf5 Kh7 69. Bb1 Bd2 70. Bc2 Be3 71. Ke6+ Kg8 72. g6 Kf8 73. Bb1 Ke8 74. Kf5 Kd7 75. Ke4 Bc1 76. Kd3 Ke6 77. Ke4 Kf6 78. Kf3 Kg5 79. Ke2 Kxh5 80. Kd1 Kg5 81. Ke1 Kf4 82. Kf1 Ke3 83. Ke1 Kd4 84. Kd1 Kc3 85. Bc2 Kb4 86. Bb1 Kb3 87. Bc2+ Ka2 88. Ke2 b1=Q 89. Bxb1+ Kxb1 90. Kd3 Bh6 91. Ke4 Kb2 92. Kd5 Kc3 93. Ke6 Kd4 94. Kf7 Ke5 95. Kg8 Kf6 96. Kh7 Kg5 97. Kg8 Kxg6 98. Kh8 Kh5 99. Kg8 g6 100. Kh8 g5 101. Kg8 g4 102. Kh8 g3 103. Kg8 g2 104. Kh8 g1=Q 105. Kh7 Qg7# 0-1


[Site "https://www.chess.com"]

[Event "Titled Tuesday Blitz February 21 Early 2023"]
[White "Buchenau, Frank"]
[Black "mohsengabr2002"]
[WhiteFideId "4604350"]
[WhiteElo "2222"]
[BlackElo "2324"]
[Result "1-0"]
[Round "07"]
[TimeControl "180+2"]
[Date "2023.02.21"]
[WhiteClock "0:01:59"]
[BlackClock "0:01:55"]

1. c4 g6 2. g3 h5 3. Nf3 Bg7 4. Bg2 c5 5. Nc3 Nc6 6. O-O Nd4 7. Nxd4 cxd4 8. Nd5 e6 9. Nf4 h4 10. e3 Nf6 11. exd4 g5 12. Ne2 Qc7 13. d3 Rb8 14. Bxg5 h3 15. Bh1 b5 16. Bf4 d6 17. c5 Bf8 18. Rc1 Bb7 19. cxd6 Qd7 20. Rc7 1-0


[Site "https://www.chess.com"]

[Event "Titled Tuesday Blitz February 21 Early 2023"]
[White "Shuvalov, Evgenij"]
[Black "rikchessmx"]
[WhiteFideId "4187237"]
[WhiteElo "2038"]
[BlackElo "2351"]
[Result "0-1"]
[Round "07"]
[TimeControl "180+2"]
[Date "2023.02.21"]
[WhiteClock "0:00:18"]
[BlackClock "0:00:21"]

1. d4 Nf6 2. c4 e6 3. Nc3 d5 4. cxd5 exd5 5. Bg5 Nbd7 6. e3 Be7 7. Bd3 O-O 8. Qc2 c6 9. Nge2 Re8 10. O-O g6 11. f3 Nh5 12. Bh6 Bg5 13. Bxg5 Qxg5 14. f4 Qe7 15. Rf3 f5 16. Rh3 Nhf6 17. Kh1 Ng4 18. Nd1 Ndf6 19. Ng1 Ne4 20. Nf3 Bd7 21. Ne5 Rad8 22. Bxe4 fxe4 23. Rg3 Nxe5 24. fxe5 Rf8 25. Nc3 Qh4 26. Ne2 Kh8 27. Nf4 g5 28. Nh3 h6 29. Kg1 Rf5 30. Nf2 Rdf8 31. Rf1 R5f7 32. Qc5 a6 33. Qd6 Re8 34. Qg6 Rg7 35. Qf6 Qh5 36. Nh3 Be6 37. Kh1 Kh7 38. Qf2 Rf7 39. Qg1 Ref8 40. Rf2 Bxh3 41. Rxf7+ Rxf7 42. Rxh3 Qe2 43. e6 Rf1 44. Rf3 exf3 45. gxf3 Qxf3# 0-1


[Site "https://www.chess.com"]

[Event "Titled Tuesday Blitz February 21 Early 2023"]
[White "Sovetbekova, Nurai"]
[Black "Bambino Filho, Antonio Carlos"]
[WhiteFideId "13801910"]
[BlackFideId "2113163"]
[WhiteElo "1764"]
[BlackElo "2144"]
[Result "0-1"]
[Round "07"]
[TimeControl "180+2"]
[Date "2023.02.21"]
[WhiteClock "0:00:02"]
[BlackClock "0:00:05"]

1. d4 Nf6 2. c4 e6 3. Nc3 d5 4. cxd5 Nxd5 5. e4 Nxc3 6. bxc3 c5 7. Nf3 cxd4 8. cxd4 Bb4+ 9. Bd2 Bxd2+ 10. Qxd2 O-O 11. Be2 Nd7 12. O-O b6 13. Rac1 Bb7 14. Bd3 Nf6 15. Qe2 Qe7 16. Rfd1 Rfc8 17. Nd2 Qb4 18. Nb3 a5 19. Rb1 Qe7 20. Nd2 Qd8 21. Nc4 Rxc4 22. Bxc4 Bxe4 23. Bd3 Bd5 24. Qb2 Rb8 25. Rdc1 Nh5 26. Qc2 g6 27. Be4 Nf4 28. Rb5 Qd7 29. a4 Bxe4 30. Qxe4 Nd5 31. h3 Rc8 32. Rxc8+ Qxc8 33. Rxd5 exd5 34. Qxd5 Qc1+ 35. Kh2 Qf4+ 36. Kg1 Qc1+ 37. Kh2 Qf4+ 38. Kg1 Qc7 39. Qb5 Kf8 40. d5 Qd6 41. Qd3 Ke7 42. Kf1 Qe5 43. Qb5 Qd6 44. Ke2 Kf6 45. Kd3 Ke5 46. Kc4 Kf5 0-1


[Site "https://www.chess.com"]

[Event "Titled Tuesday Blitz February 21 Early 2023"]
[White "Sanchez, Robert"]
[Black "Deev, Andrei"]
[WhiteFideId "2034360"]
[BlackFideId "4102690"]
[WhiteElo "1966"]
[BlackElo "2390"]
[Result "1/2-1/2"]
[Round "07"]
[TimeControl "180+2"]
[Date "2023.02.21"]
[WhiteClock "0:00:26"]
[BlackClock "0:00:08"]

1. e4 d6 2. d4 Nf6 3. Nc3 c6 4. f3 b5 5. Be3 b4 6. Nce2 e6 7. Qd2 d5 8. e5 Nfd7 9. f4 c5 10. Nf3 Nc6 11. Ng3 Qb6 12. Be2 cxd4 13. Nxd4 Nxd4 14. Bxd4 Bc5 15. c3 bxc3 16. bxc3 Qa5 17. f5 Bxd4 18. cxd4 Qxd2+ 19. Kxd2 Nb6 20. fxe6 Bxe6 21. a4 Rc8 22. a5 Nc4+ 23. Bxc4 Rxc4 24. Kd3 Kd7 25. Rab1 Rhc8 26. Rb7+ R8c7 27. Rxc7+ Kxc7 28. Rb1 h5 29. Rb3 h4 30. Ne2 Ra4 31. Rc3+ Kb7 32. Rc5 Ka6 33. Nf4 Ra3+ 34. Kd2 Rxa5 35. Nxe6 Ra2+ 36. Ke3 fxe6 37. Rc6+ Kb5 38. Rxe6 a5 39. Re8 Ra1 40. Kf2 Kc4 41. e6 Ra2+ 42. Kf3 Ra3+ 43. Kf4 Kxd4 44. e7 Re3 45. Kf5 a4 46. Kg6 a3 47. Kf7 Kc3 48. Rc8+ Kb2 49. e8=Q Rxe8 50. Kxe8 a2 51. Rb8+ Kc2 52. Ra8 Kb2 53. Rb8+ Kc2 54. Ra8 Kb2 55. Rb8+ 1/2-1/2


[Site "https://www.chess.com"]

[Event "Titled Tuesday Blitz February 21 Early 2023"]
[White "Andreev, Konstantin"]
[Black "Prudnykova, Olga"]
[WhiteFideId "24239305"]
[BlackFideId "14121093"]
[WhiteElo "2195"]
[BlackElo "2268"]
[Result "0-1"]
[Round "07"]
[TimeControl "180+2"]
[Date "2023.02.21"]
[WhiteClock "0:01:11"]
[BlackClock "0:01:34"]

1. e4 c5 2. Nf3 Nf6 3. d4 Nxe4 4. Bd3 d5 5. O-O cxd4 6. Re1 Nc6 7. Bxe4 dxe4 8. Ng5 Bf5 9. Nxe4 e6 10. Bg5 Be7 11. Bxe7 Qxe7 12. Nbd2 O-O 13. Qh5 Bg6 14. Qe2 Rad8 15. Nf3 Qb4 16. Rab1 Rd5 17. a3 Qa5 18. h4 h6 19. Red1 Rfd8 20. Ng3 d3 21. cxd3 Bxd3 0-1


[Site "https://www.chess.com"]